Unix NetHack Version 5.0.0-0 post-release - last build May 10 2026 23:12:36 (d1fa5d53e341ca933230fdaa984d921c805b60aa,branch:main).

Game began 2026-05-11 06:19:00, ended 2026-05-11 06:37:52.

246786432, lawful female human Samurai

                                                    ---
                                                    |..
                                                  ---..-
                                                   .....
                                                    .....
                                                     ....
                                                       ..--
                                                       -.G--
                                                        ...------
                                                       --.......|
                                                       |........---
                                                      --..........--
                                     -               --............--
                                     |...           --.......@......--
                                   ---.........   ---................|
                                   |....................<............-
                                     | --.............................-
                                        --  ----.................h..........
                                               ---.*..--..............-- --   -
                                                 |..---|..--..--.---.--
                                                 ---   -----------  --
246786432 the Hatamoto  St:14 Dx:14 Co:18 In:11 Wi:10 Ch:8  Lawful
Dlvl:3  $:21 HP:0(15) Pw:1(1) AC:4  Xp:1 T:511 

Latest messages:
 You swap places with Hachi.
 You climb up the stairs.
 You descend the stairs.
 You see here an oval amulet.
 l - an oval amulet.
 What do you want to throw? [$acdg or ?*] ?
 In what direction? 6
 You aren't wielding a bow, so you throw your arrow by hand.
 The ya misses the dwarf.
 What do you want to throw? [$acdg or ?*] ?
 In what direction? 6
 The katana misses the dwarf.
 What do you want to throw? [$cdg or ?*] ?
 In what direction? 6
 The long sword misses the dwarf.
 d - a +0 ya (in quiver) (27 in total).
 a - a +0 katana.
 g - a long sword.
 What do you want to throw? [$acdg or ?*] ?
 In what direction? 9
 The long sword misses the dwarf.
 The dwarf gets angry!
 What do you want to throw? [$acd or ?*] ?
 In what direction? 9
 The katana hits the dwarf.
 The dwarf wields a dagger!
 What do you want to throw? [$cd or ?*] c
 In what direction? 9
 The yumi hits the dwarf.
 The dwarf thrusts her dagger.
 The dwarf hits!
 What do you want to throw? [$d or ?*] ?
 In what direction? 9
 You aren't wielding a bow, so you throw your arrow by hand.
 The ya misses the dwarf.
 The dwarf thrusts her dagger.
 The dwarf hits!
 The dwarf picks up a +0 ya.
 The dwarf picks up a +0 yumi.
 The dwarf picks up a +0 katana.
 The dwarf picks up a long sword.
 The dwarf wields a +0 yumi!
 The dwarf shoots a ya!
 You are hit by a ya.
 You die...
 Do you want your possessions identified? [ynq] (y) y
 Do you want to see your attributes? [ynq] (y) y
 Do you want an account of creatures vanquished? [ynaq] (y) y
 Do you want to see your conduct and achievements? [ynq] (y) y
 Do you want to see the dungeon overview? [ynq] (y) y

Inventory:
 Coins    ('$')
  $ - 21 gold pieces
 Amulets  ('"')
  l - a cursed amulet of strangulation
 Weapons  (')')
  d - 26 +0 ya (in quiver)
  b - a +0 wakizashi (weapon in right hand)
 Armor    ('[')
  e - an uncursed rustproof +0 splint mail (being worn)
 Comestibles  ('%')
  h - 2 uncursed gunyoki
  i - an uncursed lichen corpse
  j - an uncursed newt corpse
 Spellbooks  ('+')
  k - an uncursed spellbook of jumping
 Tools    ('(')
  f - an uncursed tin opener

246786432 the Samurai's attributes:

Background:
 You were a Hatamoto, a level 1 female human Samurai.
 You were lawful, on a mission for Amaterasu Omikami
 who was opposed by Raijin (neutral) and Susanowo (chaotic).
 You were right-handed.
 You were in the Gnomish Mines, on level 3.
 You entered the dungeon 511 turns ago.
 You had 9 experience points, 11 more were needed to attain level 2.

Basics:
 You had 0 out of 15 hit points.
 You had 1 out of 1 energy points (spell power).
 Your armor class was 4.
 Your wallet contained 21 zorkmids.
 Autopickup was off.

Final Characteristics:
 Your strength was 14 (limit:18/100).
 Your dexterity was 14 (limit:18).
 Your constitution was 18 (limit:18).
 Your intelligence was 11 (limit:18).
 Your wisdom was 10 (limit:18).
 Your charisma was 8 (limit:18).

Final Status:
 You weren't hungry.
 You were unencumbered.
 You were wielding a short sword.
 You had basic skill with short sword.

Final Attributes:
 You were fervently aligned.
 You were warded.
 You were fast.
 You are dead.

Miscellaneous:
 You didn't encounter any bones levels.
 Total elapsed playing time was 15 minutes and 27 seconds.

Major events:
 Turn
    1: 246786432 the lawful female human Samurai entered the dungeon
  478: entered the Gnomish Mines
  511: killed by a ya

You didn't know any spells.

Skills:
 Fighting Skills
   martial arts      [Basic]
   two weapon combat [Unskilled]
   riding            [Unskilled]
 Weapon Skills
   dagger            [Unskilled]
   knife             [Unskilled]
   short sword       [Basic]
   broadsword        [Unskilled]
   long sword        [Basic]
   two-handed sword  [Unskilled]
   saber             [Unskilled]
   flail             [Unskilled]
   quarterstaff      [Unskilled]
   polearms          [Unskilled]
   spear             [Unskilled]
   lance             [Unskilled]
   bow               [Basic]
   shuriken          [Unskilled]
 Spellcasting Skills
   attack spells     [Unskilled]
   divination spells [Unskilled]
   clerical spells   [Unskilled]

Voluntary challenges:
 Character rerolling was not enabled.
 You were an atheist.
 You were illiterate.
 You never genocided any monsters.
 You never polymorphed an object.
 You never changed form.
 You used no wishes.
Achievement:
 You entered the Gnomish Mines.

 The Dungeons of Doom: levels 1 to 3
    Level 1:
       A fountain.
    Level 2:
       Stairs down to The Gnomish Mines.
    Level 3:
 The Gnomish Mines:
    Level 3: <- You were here.
       Final resting place for
          you, killed by a ya.


Vanquished creatures:
  2 jackals
  a sewer rat
  a grid bug
  a lichen
  2 newts
7 creatures vanquished.

No species were genocided or became extinct.

Game over:
                       ----------
                      /          \
                     /    REST    \
                    /      IN      \
                   /     PEACE      \
                  /                  \
                  |    246786432     |
                  |      21 Au       |
                  |  killed by a ya  |
                  |                  |
                  |                  |
                  |                  |
                  |       2026       |
                 *|     *  *  *      | *
        _________)/\\_//(\/(/\)/\//\/|_)_______

Sayonara 246786432 the Samurai...

You died in The Gnomish Mines on dungeon level 3 with 155 points,
and 21 pieces of gold, after 511 moves.
You were level 1 with a maximum of 15 hit points when you died.

